 Dungeon Crawl Stone Soup version 0.28.0-53-g5a82cb258f (webtiles) character file.

Game seed: 18313219178416604405

32 VictoriousLee the Slasher (level 3, 0/19 HPs)
             Began as a Vine Stalker Fighter on June 23, 2022.
             Succumbed to an adder's poison
             ... on level 2 of the Dungeon.
             The game lasted 00:03:11 (758 turns).

VictoriousLee the Slasher (Vine Stalker Fighter)     Turns: 758, Time: 00:03:12

Health: 0/19       AC:  8    Str: 20    XL:     3   Next: 27%
Magic:  4/4        EV:  7    Int:  8    God:
Gold:   27         SH:  4    Dex: 13    Spells: 2/2 levels left

rFire   . . .      SeeInvis .   a - +0 long sword
rCold   . . .      Faith    .   c - +0 buckler
rNeg    . . .      Spirit   +   e - +0 chain mail
rPois   .          Reflect  .   (no helmet)
rElec   .          Harm     .   g - scarf {repulsion}
rCorr   .          Rampage  .   (no gloves)
Will    .....                   (no boots)
Stlth   ..........              (no amulet)
HPRegen 0.06/turn               (no ring)
MPRegen 0.09/turn               (no ring)

@: lethally poisoned (0 -> -8), repel missiles
A: fangs 2, magic shield, antimagic bite, no potion heal 2
a: no special abilities


You were on level 2 of the Dungeon.
You visited 1 branch of the dungeon, and saw 2 of its levels.

You collected 27 gold pieces.

Inventory:

Hand Weapons
 a - a +0 long sword (weapon)
Missiles
 f - 2 stones (quivered)
 h - 13 bolts
Armour
 b - a +0 scale mail
 c - a +0 buckler (worn)
 e - a +0 chain mail (worn)
 g - a scarf of repulsion (worn)
Potions
 d - a potion of might


   Skills:
 - Level 2.6 Fighting
 + Level 3.3 Long Blades
 - Level 2.4 Armour
 - Level 2.6 Shields


You had 2 spell levels left.
You didn't know any spells.
Your spell library contained the following spells:

 Spells                   Type           Power      Damage    Failure   Level
 Animate Skeleton         Necr           0%         N/A       99%         1
 Freeze                   Ice            0%         1d3       99%         1
 Excruciating Wounds      Necr           0%         N/A       100%        5
 Metabolic Englaciation   Hex/Ice        0%         N/A       100%        5


Dungeon Overview and Level Annotations

Branches:
Dungeon (2/15)

Altars:

Shops:
D:2 [


Innate Abilities, Weirdness & Mutations

You have extremely sharp teeth.
When hurt, damage is shared between your health and your magic reserves.
Your bite disrupts and absorbs the magic of your enemies.
Potions cannot restore your health.


Message History

There is a stone staircase leading up here.
An adder is nearby!
You closely miss the adder. You bite the adder. You drain its power.
The adder is lightly wounded.
The adder bites you.
You are poisoned.
The adder poisons you! You block the adder's attack.
You closely miss the adder.
The adder is lightly wounded.
You feel sick. The adder closely misses you.
You closely miss the adder. You bite the adder, but do no damage.
The adder is lightly wounded.
You feel sick. The adder bites you but does no damage.
The adder closely misses you.
You slash the adder! You bite the adder, but do no damage.
The adder is severely wounded.
You feel sick.
You are no longer poisoned.
The adder bites you.
You are poisoned.
The adder poisons you!
You miss the adder.
The adder is severely wounded.
You feel sick. The adder bites you but does no damage. The adder bites you.
You are lethally poisoned!
The adder poisons you!
You closely miss the adder. Your bite misses the adder.
The adder is severely wounded.
* * * LOW HITPOINT WARNING * * *
You feel very sick. The adder closely misses you.
The adder completely misses you.
Okay, then.
You completely miss the adder.
The adder is severely wounded.
* * * LOW HITPOINT WARNING * * *
You feel sick. You block the adder's attack.
You barely miss the adder. You bite the adder. You drain its power.
You feel invigorated.
The adder is almost dead.
You die...

...........#
...........#
...∩.......#
...........#
.....?.....#
...........+
......S...$#
#@# #.# #.#
#.# ..# ###


You could see an adder.

Vanquished Creatures
  2 ball pythons (D:1)
  6 endoplasms (D:1)
  3 giant cockroaches (D:1)
  2 goblins (D:1)
  5 hobgoblins (D:1)
  2 jackals (D:1)
  2 quokkas (D:1)
  A frilled lizard (D:1)
  A kobold (D:1)
  A rat (D:1)
25 creatures vanquished.

Notes
Turn   | Place    | Note
-------+----------+-------------------------------------------
     0 | D:1      | VictoriousLee the Vine Stalker Fighter began the quest for
                  | the Orb.
     0 | D:1      | Reached XP level 1. HP: 11/11 MP: 2/2
    67 | D:1      | Reached skill level 2 in Long Blades
   256 | D:1      | Reached XP level 2. HP: 16/16 MP: 3/3
   518 | D:1      | Reached skill level 3 in Long Blades
   603 | D:1      | Reached XP level 3. HP: 17/19 MP: 4/4
   669 | D:1      | Got the Grimoire of the Doomed Glacier
   745 | D:2      | Found Ginoow's Antique Armour Boutique.
   758 | D:2      | Succumbed to an adder's poison

Illustrated notes

Levels and vault maps discovered:
D:1:      ebering_trefoil_3fold, layout_rooms, minmay_tromino_v4_b
D:2:      minmay_chambers_of_twos, layout_basic, serial_shops, shop,
          minmay_misc_feat_square

Skill      XL: |  1  2 |
---------------+-------+-----
Long Blades    | 2 3 |  3.3
Fighting       | |  2.6
Armour         | |  2.4
Shields        | |  2.6

Action                   || total
-------------------------++-------
Melee: Long sword        ||    58
       Bite              ||    16
Armor: Chain mail        ||    27
Dodge: Dodged            ||    21
Block: Buckler           ||    13
